 Dungeon Crawl Stone Soup version 0.27-a0-1081-ge8a0a9c698 (webtiles) character file.

Game seed: 1288644787892195410

2173 tardwrangler69 the Geomancer (level 9, -2/51 HPs)
             Began as an Octopode Earth Elementalist on Apr 25, 2021.
             Was an Initiate of Ru.
             Slain by an ice beast (10 damage)
             ... on level 7 of the Dungeon.
             The game lasted 00:08:01 (9079 turns).

tardwrangler69 the Geomancer (OpEE)                 Turns: 9079, Time: 00:08:02

Health: -2/51      AC:  1    Str: 19    XL:     9   Next: 32%
Magic:  2/17       EV: 13    Int: 20    God:    Ru [......]
Gold:   811        SH:  0    Dex: 13    Spells: 10/19 levels left

rFire    . . .     SeeInvis .   p - +1 dagger (elec)
rCold    . . .     Faith    .   (no shield)
rNeg     . . .     Spirit   .   (helmet restricted)
rPois    .         Reflect  .   (no amulet)
rElec    .         Harm     .   h - +6 ring of strength
rCorr    .         Rampage  .   l - +6 ring of strength
Will     .....                  (no ring)
Stlth    +++.......             (no ring)
HPRegen  0.17/turn              (no ring)
MPRegen  0.15/turn              (no ring)
                                (no ring)
                                (no ring)

@: no status effects
A: almost no armour, amphibious, 8 rings, camouflage 1, gelatinous body 1,
(nimble swimmer 1), tentacles
a: Renounce Religion, Sacrifice Skill, Sacrifice Nimbleness, Sacrifice Words,
Reject Sacrifices


You were on level 7 of the Dungeon.
You worshipped Ru.
Ru was noncommittal.
You visited 2 branches of the dungeon, and saw 8 of its levels.

You collected 811 gold pieces.

Inventory:

Hand Weapons
 p - a +1 dagger of electrocution (weapon)
Missiles
 b - 93 stones
 w - a curare-tipped dart
Jewellery
 h - a +6 ring of strength (left tentacle)
 l - a +6 ring of strength (right tentacle)
Wands
 i - a wand of flame (25)
 r - a wand of paralysis (8)
Scrolls
 a - a scroll of identify
 c - 2 scrolls of magic mapping
 d - 5 scrolls of teleportation
 k - a scroll of immolation
 q - a scroll of enchant armour {unknown}
 s - a scroll of blinking {unknown}
 u - a scroll of torment {unknown}
 v - a scroll of noise {unknown}
Potions
 e - a potion of haste {unknown}
 f - 2 potions of heal wounds {unknown}
 g - 5 potions of curing
 j - 4 potions of lignification {unknown}
 m - a potion of might {unknown}
 n - a potion of attraction {unknown}
 o - a potion of flight {unknown}
 t - 3 potions of invisibility {unknown}
 x - a potion of brilliance {unknown}


   Skills:
 - Level 2.0 Dodging
 - Level 2.6 Stealth
 + Level 5.9 Spellcasting
 + Level 5.5 Conjurations
 - Level 1.0 Transmutations
 * Level 9.2 Earth Magic


You had 10 spell levels left.
You knew the following spells:

 Your Spells              Type           Power      Damage    Failure   Level
a - Sandblast             Erth           86%        2d18      1%          1
b - Stone Arrow           Conj/Erth      70%        3d11      1%          3
c - Lee's Rapid Deconstr  Erth           21%        3d13*     6%          5

Your spell library contained the following spells:

 Spells                   Type           Power      Damage    Failure   Level
 Passwall                 Tmut/Erth      21%        N/A       1%          2
 Dazzling Flash           Conj/Hex       34%        N/A       10%         3
 Corona                   Hex            5%         N/A       11%         1
 Petrify                  Tmut/Erth      26%        N/A       13%         4
 Ensorcelled Hibernation  Hex/Ice        10%        N/A       16%         2
 Confusing Touch          Hex            5%         N/A       32%         3
 Tukima's Dance           Hex            5%         N/A       32%         3


Dungeon Overview and Level Annotations

Branches:
Dungeon (7/15)             Temple (1/1) D:4

Altars:
Ashenzari
Cheibriados
Dithmenos
Elyvilon
Fedhas
Hepliaklqana
Kikubaaqudgha
Makhleb
Nemelex Xobeh
Okawaru
Qazlal
Ru
Trog
Uskayaw
Vehumet
Wu Jian
Xom
Yredelemnul
Zin
The Shining One


Innate Abilities, Weirdness & Mutations

You cannot wear most types of armour.
You are amphibious.
You can wear up to eight rings at the same time.
Your skin changes colour to match your surroundings (Stealth+).
Your rubbery body absorbs attacks. (AC +1, EV +1)
((You are camouflaged near water. (Stealth+)))
You have tentacles for arms and can constrict up to eight enemies at once.


Message History

Casting: Sandblast (safe; 1% risk of failure)
Confirm with . or Enter, or press ? or * to list all spells.
Aiming: Stone Arrow (safe; 1% risk of failure)
Press: ? - help, Shift-Dir - straight line, f/p - iguana
Aim: an iguana (almost dead, 77% to hit)
The stone arrow hits the bullfrog!!
The bullfrog is almost dead.
The bullfrog hits you. x2
* * * LOW HITPOINT WARNING * * *
Casting: Stone Arrow (safe; 1% risk of failure)
Confirm with . or Enter, or press ? or * to list all spells.
Aiming: Stone Arrow (safe; 1% risk of failure)
Press: ? - help, Shift-Dir - straight line, f/p - iguana
Aim: an iguana (almost dead, 77% to hit)
The stone arrow hits the bullfrog!
You kill the bullfrog!
Casting: Stone Arrow (safe; 1% risk of failure)
Confirm with . or Enter, or press ? or * to list all spells.
Aiming: Stone Arrow (safe; 1% risk of failure)
Press: ? - help, Shift-Dir - straight line, f/p - iguana
Aim: an iguana (almost dead, 77% to hit)
The stone arrow hits the iguana!
You kill the iguana!
Casting: Stone Arrow (safe; 1% risk of failure)
Confirm with . or Enter, or press ? or * to list all spells.
Aiming: Sandblast (safe; 1% risk of failure)
Press: ? - help, Shift-Dir - straight line, f - ice beast
Aim: an ice beast (83% to hit)
The blast of sand misses the ice beast.
Casting: Sandblast (safe; 1% risk of failure)
Confirm with . or Enter, or press ? or * to list all spells.
Aiming: Sandblast (safe; 1% risk of failure)
Press: ? - help, Shift-Dir - straight line, f/p - ice beast
Aim: an ice beast (83% to hit)
The blast of sand hits the ice beast!
The ice beast is severely wounded.
The ice beast hits you.
* * * LOW HITPOINT WARNING * * *
The ice beast freezes you!
You die...

##.###.......#.##
#)#....#.........
#####.#[..#......
###.#..#...##.###
#..#(......##.#
###........##
#####.#...#.
###............
#$@#........#..
###Y#..#....# #
###z#...#....
#....#.......#
#.###.......>.. #
....#..#...
#.#.....# .#
.#... ## #.....#


You could see an ice beast and a wight.

Vanquished Creatures
  Sigmund (D:6)
  Menkaure (D:6)
  A sky beast (D:6)
  A necrophage (D:6)
  6 ogres
  2 phantoms (D:5)
  2 kobold brigands (D:7)
  A bullfrog (D:7)
  A water moccasin skeleton (D:5)
  A howler monkey (D:5)
  An orc priest (D:4)
  A bullfrog zombie (D:7)
  2 centaur zombies (D:5)
  2 hounds (D:5)
  2 gnoll shamans (D:5)
  Crazy Yiuf (D:4)
  A bullfrog skeleton (D:4)
  4 iguanas
  An orc wizard (D:6)
  A scorpion zombie (D:5)
  A hound skeleton (D:4)
  Robin (D:4)
  9 gnolls (D:5)
  3 howler monkey skeletons
  6 adders
  A shadow imp (D:7)
  2 white imps
  An adder skeleton (D:5)
  4 worms
  3 dart slugs
  8 orcs
  7 ball pythons
  3 endoplasms
  6 giant cockroaches
  17 goblins
  8 hobgoblins
  10 jackals
  11 kobolds
  7 quokkas
  3 bats
  A frilled lizard (D:3)
  A jackal skeleton (D:4)
  5 rats
151 creatures vanquished.

Notes
Turn   | Place    | Note
-------+----------+-------------------------------------------
     0 | D:1      | tardwrangler69 the Octopode Earth Elementalist began the
                  | quest for the Orb.
     0 | D:1      | Reached XP level 1. HP: 11/11 MP: 3/3
   884 | D:1      | Reached XP level 2. HP: 5/17 MP: 3/5
  2020 | D:2      | Reached XP level 3. HP: 21/21 MP: 6/6
  2284 | D:2      | Reached skill level 4 in Earth Magic
  3044 | D:2      | Found a faded altar of an unknown god.
  3316 | D:3      | Reached XP level 4. HP: 13/27 MP: 5/8
  3617 | D:3      | Learned a level 3 spell: Stone Arrow
  4397 | D:3      | Found a broken altar of Ashenzari.
  4792 | D:4      | Reached skill level 1 in Conjurations
  4792 | D:4      | Reached XP level 5. HP: 11/31 MP: 6/9
  5037 | D:4      | Noticed an ogre
  5043 | D:4      | Killed an ogre
  5044 | D:4      | Reached skill level 5 in Earth Magic
  5191 | D:4      | Reached XP level 6. HP: 36/36 MP: 11/11
  5206 | D:4      | Found a staircase to the Ecumenical Temple.
  5228 | Temple   | Entered the Ecumenical Temple
  5433 | Temple   | Became a worshipper of Ru the Awakened
  5505 | D:4      | Noticed Robin
  5517 | D:4      | Killed Robin
  5938 | D:4      | Found a runed translucent door.
  5939 | D:4      | Noticed Crazy Yiuf
  6229 | D:4      | Killed Crazy Yiuf
  6289 | D:5      | Entered Level 5 of the Dungeon
  6411 | D:5      | Reached skill level 6 in Earth Magic
  6411 | D:5      | Reached XP level 7. HP: 21/41 MP: 7/12
  6580 | D:5      | Found a hazy altar of Hepliaklqana.
  6587 | D:5      | Learned a level 5 spell: Lee's Rapid Deconstruction
  6843 | D:5      | Found a radiant altar of Vehumet.
  7254 | D:5      | Reached skill level 7 in Earth Magic
  7254 | D:5      | Reached XP level 8. HP: 42/46 MP: 9/14
  7567 | D:5      | Reached skill level 5 in Spellcasting
  7649 | D:5      | Reached skill level 8 in Earth Magic
  7824 | D:6      | Noticed Sigmund
  7827 | D:6      | Killed Sigmund
  8047 | D:6      | Found a snail-covered altar of Cheibriados.
  8053 | D:6      | Reached skill level 5 in Conjurations
  8053 | D:6      | Reached XP level 9. HP: 51/51 MP: 14/17
  8157 | D:6      | Noticed Menkaure
  8160 | D:6      | Killed Menkaure
  8500 | D:7      | Identified the +2 robe of Courage {rElec Str+4 Dex+6}
  8543 | D:7      | Reached skill level 9 in Earth Magic
  9079 | D:7      | Slain by an ice beast

Illustrated notes

Levels and vault maps discovered:
D:1:      nicolae_arrival_somewhat_less_tricky_arrival, layout_loops_ring
D:2:      layout_basic, shapermc_ecumenical_altar_flowoftime
D:3:      layout_basic, marbit_many_paths, hex_medium, minmay_liquid_box,
          ebering_dispersal_statue_hall, grunt_decor_one_mirror
D:4:      layout_basic, uniq_crazy_yiuf_cottage, uniq_robin
D:5:      minmay_polygon_palace, layout_rooms, general_overflow_altar,
          vehumet_altar_wand_db
D:6:      layout_rooms, amcnicky_altar_gilded, uniq_menkaure, uniq_sigmund
D:7:      layout_loops_corners, hangedman_decor_points,
          minmay_increasing_density, uniq_maggie, uniq_pikel
Temple:   eino_temple_rhombus

Skill      XL: |  1  2  3  4  5  6  7  8  9 |
---------------+----------------------------+-----
Earth Magic    | 4 5 6 7 8 9 |  9.2
Spellcasting   | 3 4 5 |  5.9
Conjurations   | 1 2 3 5 |  5.5
Dodging        | |  2.0
Stealth        | |  2.6
Transmutations | |  1.0

Action                   |  1- 3 |  4- 6 |  7- 9 || total
-------------------------+-------+-------+-------++-------
Melee: Dagger            |    82 |    69 |    15 ||   166
       Tentacles         |    16 |    15 |     3 ||    34
       Constrict         |    23 |    17 |     4 ||    44
       Unarmed           |     2 |       |       ||     2
 Cast: Sandblast         |    24 |    39 |   103 ||   166
       Stone Arrow       |       |       |    15 ||    15
  Use: Scroll            |       |     5 |       ||     5
 Stab: Sleeping          |     8 |    10 |     2 ||    20
Armor: Skin              |     9 |     1 |     2 ||    12
Dodge: Dodged            |    65 |    48 |    40 ||   153

Table legend: (Time is in decaauts)
 A = Elapsed time spent in this place.
 B = Non-inter-level travel time spent in this place.
 C = Inter-level travel time spent in this place.
 D = Time resting spent in this place.
 E = Time spent auto-exploring this place.
 F = Levels seen in this place.
 G = Mean time per level.
                   A        B        C        D        E       F      G
               +--------+--------+--------+--------+--------+-----+--------+
         Total |   9075 |   8897 |    178 |     55 |   8001 |   8 | 1134.4 |
       Dungeon |   8859 |   8702 |    157 |     55 |   7809 |   7 | 1265.6 |
        Temple |    215 |    194 |     21 |      0 |    192 |   1 |  215.0 |
               +--------+--------+--------+--------+--------+-----+--------+

Top non-repeatable levels by time:
     D:1: 1680 daAuts
     D:4: 1648 daAuts
     D:5: 1534 daAuts
     D:2: 1456 daAuts
     D:3: 1285 daAuts
     D:6: 662 daAuts
     D:7: 591 daAuts
  Temple: 215 daAuts
